 Dungeon Crawl Stone Soup version 0.28-a0-1117-g0bdd5ba030 (webtiles) character file.

Game seed: 4550137696972017748

736 siradein the Skirmisher (level 7, -3/59 HPs)
             Began as a Palentonga Fighter on Dec 11, 2021.
             Killed by divine providence
             ... invoked by an orc priest
              (12 damage)
             ... on level 5 of the Dungeon.
             The game lasted 00:08:15 (4000 turns).

siradein the Skirmisher (Palentonga Fighter)        Turns: 4000, Time: 00:08:15

Health: -3/59      AC: 17    Str: 19    XL:     7   Next: 46%
Magic:  7/7        EV:  5    Int:  9    God:
Gold:   262        SH:  9    Dex: 11    Spells: 6/6 levels left

rFire   + . .      SeeInvis +   a - +0 long sword
rCold   . . .      Faith    .   c - +0 buckler
rNeg    . . .      Spirit   .   s - +2 chain mail {rF+}
rPois   .          Reflect  +   (no helmet)
rElec   .          Harm     .   (no cloak)
rCorr   .          Rampage  .   (no gloves)
Will    .....                   (no barding)
Stlth   ..........              n - amulet of reflection
HPRegen 0.19/turn               i - +4 ring of slaying
MPRegen 0.10/turn               (no ring)

@: curled up
A: large, rugged brown scales 3, see invisible, deformed body, roll 1, armoured
tail, reflexive curl
a: Rolling Charge


You were on level 5 of the Dungeon.
You visited 1 branch of the dungeon, and saw 5 of its levels.

You collected 262 gold pieces.

Inventory:

Hand Weapons
 a - a +0 long sword (weapon)
 m - a +1 dagger of venom
Armour
 c - a +0 buckler (worn)
 s - a +2 chain mail of fire resistance (worn)
Jewellery
 g - an amulet of guardian spirit
 i - a +4 ring of slaying (left hand)
 n - an amulet of reflection (around neck)
Scrolls
 e - a scroll of summoning {unknown}
 f - 7 scrolls of identify {unknown}
 h - 2 scrolls of magic mapping {unknown}
 j - a scroll of enchant weapon {unknown}
 q - a scroll of teleportation {unknown}
 r - a scroll of holy word {unknown}
Potions
 b - a potion of curing {unknown}
 d - a potion of might
 k - a potion of magic {unknown}
 l - a potion of brilliance {unknown}
 o - 2 potions of haste {unknown}
 p - a potion of flight {unknown}


   Skills:
 + Level 5.1 Fighting
 + Level 4.4 Long Blades
 + Level 4.2 Armour
 + Level 4.2 Shields


You had 6 spell levels left.
You didn't know any spells.
Your spell library contained the following spells:

 Spells                   Type           Power      Damage    Failure   Level
 Gell's Gravitas          Tloc           0%         N/A       100%        3
 Teleport Other           Tloc           0%         N/A       100%        3
 Summon Lightning Spire   Summ/Air       0%         N/A       100%        4
 Dispersal                Tloc           0%         N/A       100%        6
 Storm Form               Tmut/Air       0%         N/A       100%        7
 Maxwell's Capacitive Co  Air            0%         ∞         100%        8


Dungeon Overview and Level Annotations

Branches:
Dungeon (5/15)
 Temple: D:4-7

Altars:


Innate Abilities, Weirdness & Mutations

You are completely covered in rugged brown scales. (AC +3, +7% HP)
You have supernaturally acute eyesight. (SInv)
Armour fits poorly on your strangely shaped body.
You can roll at nearby foes to attack.
You have a long armoured tail.
You curl defensively after being hit. (AC +7*)


Message History

You kill the orc!
An orc comes into view. It is wielding a +0 dagger.
The orc priest calls down the wrath of Beogh upon you.
Beogh smites you!
You see here a +0 war axe.
You hit the orc.
The orc is moderately wounded.
You block the orc's attack.
You slash the orc!
You kill the orc!
The orc barely misses you.
Things that are here:
a +0 short sword of speed; a +0 scale mail; an orc corpse You closely miss the orc.
The orc hits you with a +0 flail!
You hit the orc but do no damage. The orc hits you with a +0 flail!
You hit the orc.
The orc is severely wounded.
The orc priest miscasts a cantrip.
You block the orc's attack.
You barely miss the orc.
The orc is severely wounded.
The orc priest invokes the aid of Beogh against you.
Beogh smites you! The orc hits you but does no damage.
You block the orc's attack.
You barely miss the orc.
The orc is severely wounded.
The orc barely misses you.
You slash the orc!
You kill the orc!
The orc priest mumbles some strange prayers to Beogh against you.
Beogh smites you!
* * * LOW HITPOINT WARNING * * *
You see here a +0 war axe.
You block the orc's attack.
Items here: )) [[ †.
Things that are here:
a +0 short sword of speed; a +0 scale mail; an orc corpse The orc priest invokes the aid of Beogh against you.
Beogh smites you!
You die...

#........≈≈..≈≈.≈≈≈.≈≈..≈. ...
#.................######.. ...
##..)..............# #.# ....
#..................# ##.# ...#
#.................# #..#
#..####................## ##.##
#..#...................###..#
##....#..)...........#.....##
###..o###....o.@.......##..###
#......###).o#.........###...##
#.........#o..##....#####
###..## ..........)#...######
##... ...........?...# ##..
................# #..
..........(.....# #..
................# ##.
..............#..# ##


You could see an orc priest and 2 orcs.

Vanquished Creatures
  A sky beast (D:5)
  A necrophage (D:5)
  A scorpion (D:4)
  A water moccasin skeleton (D:5)
  A hound (D:5)
  An orc priest (D:4)
  Natasha (thrice) (D:3)
  2 iguanas
  4 orc wizards (D:4)
  6 adders
  An ufetubus (D:4)
  A worm (D:2)
  A dart slug (D:2)
  18 orcs
  6 bats
  5 endoplasms
  4 giant cockroaches
  8 goblins
  4 hobgoblins
  4 jackals (D:3)
  8 kobolds
  8 quokkas
  10 ball pythons
  3 frilled lizards
  3 rats
105 creatures vanquished.

Notes
Turn   | Place    | Note
-------+----------+-------------------------------------------
     0 | D:1      | siradein the Palentonga Fighter began the quest for the
                  | Orb.
     0 | D:1      | Reached XP level 1. HP: 19/19 MP: 1/1
   288 | D:1      | Reached XP level 2. HP: 25/25 MP: 2/2
   296 | D:1      | Found a faded altar of an unknown god.
   942 | D:2      | Reached XP level 3. HP: 31/31 MP: 3/3
  1273 | D:2      | You fall into a shaft and drop 2 floors!
  1279 | D:4      | Reached XP level 4. HP: 38/38 MP: 4/4
  1287 | D:4      | Noticed a scorpion
  1448 | D:3      | Noticed Natasha
  1498 | D:3      | Killed Natasha
  1499 | D:3      | Reached XP level 5. HP: 18/44 MP: 5/5
  1728 | D:3      | Noticed Natasha
  1742 | D:3      | Killed Natasha
  1743 | D:3      | Reached skill level 4 in Fighting
  2362 | D:3      | Noticed Natasha
  2367 | D:3      | Killed Natasha
  2863 | D:4      | Reached XP level 6. HP: 42/51 MP: 6/6
  3673 | D:5      | Entered Level 5 of the Dungeon
  3702 | D:5      | Gained mutation: You curl defensively after being hit. (AC
                  | +7*) [Palentonga growth]
  3702 | D:5      | Reached XP level 7. HP: 52/58 MP: 7/7
  3858 | D:5      | Reached skill level 5 in Fighting
  4000 | D:5      | Killed from afar by an orc priest

Illustrated notes

Levels and vault maps discovered:
D:1:      saegor_arrival_simple_b, layout_rooms,
          chequers_ecumenical_altar_island, minmay_tree_intersection,
          minmay_heptomino_d4
D:2:      layout_rooms, grunt_decor_fettered, nicolae_elevator_lobby_asterisk
D:3:      layout_basic, uniq_natasha
D:4:      layout_basic
D:5:      layout_cave_pods, minmay_misc_feat_five, kennysheep_boxes

Skill      XL: |  1  2  3  4  5  6  7 |
---------------+----------------------+-----
Armour         | 3 4 |  4.2
Shields        | 3 4 |  4.2
Long Blades    | 3 4 |  4.4
Fighting       | 4 5 |  5.1

Action                   |  1- 3 |  4- 6 |  7- 9 || total
-------------------------+-------+-------+-------++-------
Melee: Long sword        |    87 |     9 |    21 ||   117
       Tailslap          |     6 |    21 |     4 ||    31
       Dagger            |    10 |   141 |       ||   151
 Abil: Rolling Charge    |    37 |    40 |     4 ||    81
Armor: Scale mail        |    43 |    37 |       ||    80
       Chain mail        |       |     6 |     3 ||     9
Dodge: Dodged            |    42 |    28 |     3 ||    73
Block: Buckler           |    19 |    53 |     8 ||    80
       Reflection        |       |     1 |       ||     1

Table legend: (Time is in decaauts)
 A = Elapsed time spent in this place.
 B = Non-inter-level travel time spent in this place.
 C = Inter-level travel time spent in this place.
 D = Time resting spent in this place.
 E = Time spent auto-exploring this place.
 F = Levels seen in this place.
 G = Mean time per level.
                   A        B        C        D        E       F      G
               +--------+--------+--------+--------+--------+-----+--------+
         Total |   4045 |   3952 |     93 |    329 |   2951 |   5 |  809.0 |
       Dungeon |   4045 |   3952 |     93 |    329 |   2951 |   5 |  809.0 |
               +--------+--------+--------+--------+--------+-----+--------+

Top non-repeatable levels by time:
     D:3: 1408 daAuts
     D:1: 878 daAuts
     D:4: 844 daAuts
     D:2: 571 daAuts
     D:5: 342 daAuts
